 Dungeon Crawl Stone Soup version 0.31-a0-167-g1c394c0614 (webtiles) character file.

Game seed: 3189205514580996544

101 qw the Shooter (level 4, -3/28 HPs)
             Began as a Gargoyle Hunter on June 14, 2023.
             Slain by a gnoll
             ... wielding a +0 flail
              (6 damage)
             ... on level 2 of the Dungeon.
             The game lasted 00:00:33 (1070 turns).

qw the Shooter (Gargoyle Hunter)                    Turns: 1070, Time: 00:00:34

Health: -3/28      AC:  8    Str: 14    XL:     4   Next: 75%
Magic:  4/4        EV: 10    Int: 10    God:
Gold:   68         SH:  0    Dex: 15    Spells: 3/3 levels left

rFire   . . .        Y - +0 shortbow
rCold   . . .        (shield currently unavailable)
rNeg    + . .        m - +0 ring mail
rPois   inf          (no helmet)
rElec   +            (no cloak)
rCorr   .            (no gloves)
SInv    .            (no boots)
Will    .....        (no amulet)
Stlth   +            (no ring)
HPRegen 0.24/turn    (no ring)
MPRegen 0.09/turn

%: no passive effects
@: no status effects
A: sickness immunity, AC +3, negative energy resistance 1, electricity
resistance, torment resistance 1, petrification resistance
a: no special abilities


You were on level 2 of the Dungeon.
You visited 1 branch of the dungeon, and saw 2 of its levels.

You collected 68 gold pieces.


Innate Abilities, Weirdness & Mutations

You are immune to sickness and miasma.
Your stone body is resilient. (AC +3)
You are immune to poison.
You resist negative energy. (rN+)
You are resistant to electric shocks. (rElec)
You are resistant to unholy torment.
You are immune to petrification.


   Skills:
 - Level 3.0 Fighting
 + Level 5.5 Ranged Weapons
 - Level 1.0 Armour
 - Level 1.5 Dodging
 - Level 1.1 Stealth


You had 3 spell levels left.
You didn't know any spells.
Your spell library was empty.

Inventory:

Hand Weapons
 Y - a +0 shortbow (weapon)
Armour
 m - a +0 ring mail (worn)
Scrolls
 a - a scroll of enchant armour {unknown}
 g - 2 scrolls of identify
Potions
 b - a potion of curing {unknown}
 e - a potion of resistance
 f - a potion of heal wounds {unknown}
 h - a potion of attraction {unknown}
 i - a potion of berserk rage {unknown}
 j - a potion of lignification {unknown}

Dungeon Overview and Level Annotations

Branches:
Dungeon (2/15)

Altars:


Message History

You shoot an arrow. The arrow hits the gnoll.
The gnoll is heavily wounded.
The gnoll hits you but does no damage. The gnoll barely misses you.
A rat comes into view.
The gnoll barely misses you.
You shoot an arrow. The arrow hits the gnoll.
The gnoll is severely wounded.
The gnoll throws a stone.
The stone closely misses you. The gnoll hits you with a +0 whip.
The gnoll closely misses you.
The gnoll hits you from afar with a +0 spear. x2
The gnoll hits you but does no damage.
You shoot an arrow. The arrow barely misses the gnoll.
The gnoll hits you with a +0 whip.
The gnoll hits you from afar with a +0 spear.
The gnoll hits you but does no damage.
You shoot an arrow. The arrow hits the gnoll.
You kill the gnoll!
A gnoll comes into view. It is wielding a +0 flail.
The gnoll throws a stone.
The stone closely misses you.
The gnoll hits you from afar with a +0 spear.
You shoot an arrow. The gnoll shouts!
The arrow hits the gnoll!
The gnoll is almost dead.
The gnoll closely misses you. The gnoll hits you but does no damage.
The gnoll hits you from afar with a +0 spear.
The gnoll completely misses you.
You shoot an arrow. The arrow hits the gnoll.
You kill the gnoll!
The gnoll hits you but does no damage.
You shoot an arrow. The arrow hits the gnoll!
The gnoll is heavily wounded.
The gnoll hits you but does no damage.
You shoot an arrow. The arrow closely misses the rat.
The rat completely misses you.
The gnoll hits you from afar with a +0 spear.
You shoot an arrow.
The arrow hits the gnoll but does no damage.
The gnoll hits you with a +0 flail.
You die...

#...>...# #.#.......# #....#.
#.......# #.#...##### ###....
........# #.........#####+###
.........#######.............
#..#########...>......
#........%............
#..g..................
.##..).)................
......r@.......(........
.##...g#######.####'####
#.... #.# #.# #.... #.# #.#
.....) #.# #.# .##.... #.#
#.# #..## #.# #%# ... #.# #.#
#.# #.#


You could see 2 gnolls and a rat.

Vanquished Creatures
  4 adders (D:2)
  2 gnolls (D:2)
  A worm (D:2)
  A dart slug (D:1)
  2 bats
  6 endoplasms
  A giant cockroach (D:1)
  4 hobgoblins
  2 jackals (D:2)
  4 ball pythons (D:1)
  3 frilled lizards (D:1)
  3 goblins
  3 kobolds
  6 rats
42 creatures vanquished.

Notes
Turn   | Place    | Note
-------+----------+-------------------------------------------
     0 | D:1      | qw the Gargoyle Hunter began the quest for the Orb.
     0 | D:1      | Reached XP level 1. HP: 12/12 MP: 1/1
     0 | D:1      | 0 ||| qw: Version: 0.2-a-29-g1fa15c8
     0 | D:1      | 0 ||| qw: Game counter: 5031
     0 | D:1      | 0 ||| qw: Always use a shield: true
     0 | D:1      | 0 ||| qw: God list: Okawaru
     0 | D:1      | 0 ||| qw: Allow faded altars: false
     0 | D:1      | 0 ||| qw: Do Orc after D:15 true
     0 | D:1      | 0 ||| qw: Do second Lair branch before Depths: true
     0 | D:1      | 0 ||| qw: Lair rune preference: random
     0 | D:1      | 0 ||| qw: Plans: Normal, Zot:1-4, Slime:5, God:TSO, Crypt,
                  | Tomb, Abyss, Pan, Hells, Win
     0 | D:1      | 0 ||| PLANNING D:1-11
     5 | D:1      | 5 ||| FLEEEEING.
     6 | D:1      | 6 ||| FLEEEEING.
    91 | D:1      | Reached XP level 2. HP: 17/17 MP: 2/2
   490 | D:1      | Reached XP level 3. HP: 21/21 MP: 3/3
   518 | D:1      | Reached skill level 5 in Ranged Weapons
   624 | D:1      | 624 ||| UPGRADING to +0 ring mail.
   634 | D:1      | 634 ||| DROPPING +0 leather armour.
   635 | D:1      | 635 ||| READING scroll labelled UCLIPTO NURON.
   636 | D:1      | 636 ||| READING 2 scrolls labelled TUUGGI QORU.
   637 | D:1      | 637 ||| READING 2 scrolls labelled LOGO VOONNE.
   638 | D:1      | 638 ||| READING scroll labelled PUDEIRH UMIHESCH.
   643 | D:1      | 643 ||| DRINKING 2 sedimented ruby potions.
   644 | D:1      | 644 ||| DROPPING scroll of butterflies.
   645 | D:1      | 645 ||| DROPPING scroll of poison.
   875 | D:2      | Reached skill level 1 in Armour
   911 | D:2      | Reached skill level 3 in Fighting
   911 | D:2      | Reached XP level 4. HP: 25/28 MP: 4/4
  1066 | D:2      | HP: 6/28 [gnoll/+0 spear (3)]
  1070 | D:2      | Slain by a gnoll

Levels and vault maps discovered:
D:1:      moated_graveyard_arrival, layout_loops_ring, hangedman_decor_points
D:2:      minmay_spotlight, layout_basic, minmay_diced_spiral

Skill      XL: |  1  2  3 |
---------------+----------+-----
Ranged Weapons | 5 |  5.5
Armour         | 1 |  1.0
Fighting       | 3 |  3.0
Dodging        | |  1.5
Stealth        | |  1.1

Action                     |  1- 3 |  4- 6 || total
---------------------------+-------+-------++-------
   Fire: Shortbow          |    98 |    40 ||   138
    Use: Scroll            |     4 |       ||     4
         Potion            |     1 |       ||     1
 Armour: Leather armour    |     4 |       ||     4
         Ring mail         |    17 |    18 ||    35
  Dodge: Dodged            |    17 |    21 ||    38

Table legend:
 A = Non-vault XP
 B = Vault XP
 C = Vault XP percentage of total XP
 D = Non-vault monster count
 E = Vault monster count
 F = Vault count percentage of total count
                 A         B        C        D         E       F
            +---------+---------+-------+---------+---------+-------
      Total |     140 |       5 |   3.4 |      39 |       3 |   7.1
            +---------+---------+-------+---------+---------+-------
        D:1 |      43 |       0 |   0.0 |      27 |       0 |   0.0
        D:2 |      97 |       5 |   4.9 |      12 |       3 |  20.0
            +---------+---------+-------+---------+---------+-------
